 Dungeon Crawl Stone Soup version 0.29-a0-598-gd8304a5bf4 (webtiles) character file.

Game seed: 4619088745704748992

147 DocClef the Skirmisher (level 5, -2/51 HPs)
             Began as a Draconian Fighter on June 15, 2022.
             Slain by a gnoll
             ... wielding a +0 whip
             ... led by a gnoll shaman
              (4 damage)
             ... on level 4 of the Dungeon.
             The game lasted 00:02:45 (3150 turns).

DocClef the Skirmisher (Draconian Fighter)          Turns: 3150, Time: 00:02:46

Health: -2/51      AC:  5    Str: 20    XL:     5   Next: 7%
Magic:  5/5        EV: 12    Int:  8    God:
Gold:   132        SH:  4    Dex: 11    Spells: 4/4 levels left

rFire   . . .      SeeInvis .   a - +0 war axe
rCold   . . .      Faith    .   b - +0 buckler
rNeg    . . .      Spirit   .   (body armour unavailable)
rPois   .          Reflect  .   (helmet restricted)
rElec   .          Harm     .   (no cloak)
rCorr   .          Rampage  .   (no gloves)
Will    .....                   (no boots)
Stlth   +.........              (no amulet)
HPRegen 0.17/turn               (no ring)
MPRegen 0.09/turn               (no ring)

@: no status effects
A: AC +5, unfitting armour, cold-blooded
a: no special abilities


You were on level 4 of the Dungeon.
You visited 1 branch of the dungeon, and saw 4 of its levels.

You collected 132 gold pieces.

Inventory:

Hand Weapons
 a - a +0 war axe (weapon)
Armour
 b - a +0 buckler (worn)
Scrolls
 h - a scroll of teleportation
Potions
 c - 2 potions of might
 d - a potion of resistance {unknown}
 e - 3 potions of curing
 f - a potion of lignification {unknown}


   Skills:
 + Level 6.4 Fighting
 - Level 2.0 Axes
 - Level 2.6 Dodging
 - Level 3.0 Shields


You had 4 spell levels left.
You didn't know any spells.
Your spell library was empty.

Dungeon Overview and Level Annotations

Branches:
Dungeon (4/15)
 Temple: D:4-7

Altars:


Innate Abilities, Weirdness & Mutations

Your plain brown scales are hard. (AC +5)
You cannot fit into any form of body armour.
You are cold-blooded and may be slowed by cold attacks.


Message History

The gnoll barely misses you.
You barely miss the gnoll.
The gnoll is lightly wounded.
You closely miss the gnoll. The gnoll hits you with a +0 halberd!
You block the gnoll's attack. The gnoll hits you with a +0 halberd.
A gnoll comes into view. It is wielding a +0 halberd.
You hit the gnoll.
The gnoll is moderately wounded.
You hit the gnoll shaman. The gnoll hits you with a +0 halberd.
The gnoll shaman mumbles some strange prayers to its god against you.
You resist with some effort.
You slash the gnoll! You tail-slap the gnoll.
You kill the gnoll!
You barely miss the gnoll shaman. The gnoll shaman closely misses you.
You have reached level 5!
The gnoll shaman hits you with a +0 whip.
The gnoll attacks as you move away! The gnoll hits you with a +0 whip.
The gnoll shaman calls upon its god to speed up the gnoll.
The gnoll seems to speed up.
The gnoll attacks as you move away! The gnoll closely misses you.
There is an open door here.
The gnoll attacks as you move away! The gnoll hits you with a +0 whip.
* * * LOW HITPOINT WARNING * * *
The gnoll attacks as you move away! The gnoll barely misses you.
The gnoll hits you from afar with a +0 halberd.
* * * LOW HITPOINT WARNING * * *
The gnoll attacks as you move away! The gnoll barely misses you.
The gnoll hits you from afar with a +0 halberd!
* * * LOW HITPOINT WARNING * * *
The gnoll attacks as you move away! You block the gnoll's attack.
The gnoll attacks as you move away! The gnoll hits you with a +0 whip.
* * * LOW HITPOINT WARNING * * *
There is a stone staircase leading down here.
You block the gnoll's attack. The gnoll closely misses you.
You climb downwards.
There is a stone staircase leading up here.
You closely miss the gnoll. The gnoll misses you.
You barely miss the gnoll. The gnoll barely misses you.
The gnoll hits you with a +0 whip.
You die...

..##+##..
#.......#
#.......+
#......
##.....
#....#
#....+
#.@..#
#..g.#
.......#
.........#
#.........#
...........#
..#+####....
.. .....


You could see a gnoll.

Vanquished Creatures
  4 gnolls
  4 adders (D:2)
  2 worms
  A dart slug (D:2)
  An orc (D:3)
  6 ball pythons
  5 endoplasms
  7 giant cockroaches
  5 goblins
  2 hobgoblins (D:2)
  3 jackals (D:2)
  4 quokkas
  2 bats (D:1)
  4 frilled lizards
  9 kobolds
  5 rats (D:1)
64 creatures vanquished.

Notes
Turn   | Place    | Note
-------+----------+-------------------------------------------
     0 | D:1      | DocClef the Draconian Fighter began the quest for the Orb.
     0 | D:1      | Reached XP level 1. HP: 19/19 MP: 1/1
   239 | D:1      | Found a faded altar of an unknown god.
   241 | D:1      | Reached XP level 2. HP: 26/27 MP: 2/2
   268 | D:1      | Reached skill level 4 in Fighting
   664 | D:1      | Reached XP level 3. HP: 31/34 MP: 3/3
  1097 | D:2      | Reached skill level 5 in Fighting
  1546 | D:2      | Reached XP level 4. HP: 3/42 MP: 4/4
  2063 | D:2      | Reached skill level 6 in Fighting
  3128 | D:3      | Reached XP level 5. HP: 27/51 MP: 5/5
  3144 | D:3      | HP: 1/51 [gnoll/+0 whip[a gnoll shaman] (5)]
  3150 | D:4      | Slain by a gnoll

Illustrated notes

Levels and vault maps discovered:
D:1:      amcnicky_arrival_feature_with_door, layout_loops_ring,
          basic_ecumenical_altar, minmay_heptomino_w4
D:2:      minmay_recursive_quarters, layout_basic, serial_forest,
          infiniplex_forest_end_2, infiniplex_forest_clump_tiny,
          infiniplex_forest_straight_2, infiniplex_forest_lined_room_3,
          infiniplex_forest_straight_2, infiniplex_forest_end_3,
          infiniplex_forest_lined_4_way
D:3:      layout_basic
D:4:      layout_gridville

Skill      XL: |  1  2  3  4 |
---------------+-------------+-----
Fighting       | 4 5 6 |  6.4
Axes           | |  2.0
Dodging        | |  2.6
Shields        | |  3.0

Action                   |  1- 3 |  4- 6 || total
-------------------------+-------+-------++-------
Melee: War axe           |    83 |    57 ||   140
       Tailslap          |     4 |     7 ||    11
  Use: Scroll            |       |     4 ||     4
 Stab: Sleeping          |     1 |       ||     1
Armor: Skin              |    25 |    18 ||    43
Dodge: Dodged            |    58 |    57 ||   115
Block: Buckler           |    18 |    16 ||    34

Table legend: (Time is in decaauts)
 A = Elapsed time spent in this place.
 B = Non-inter-level travel time spent in this place.
 C = Inter-level travel time spent in this place.
 D = Time resting spent in this place.
 E = Time spent auto-exploring this place.
 F = Levels seen in this place.
 G = Mean time per level.
                   A        B        C        D        E       F      G
               +--------+--------+--------+--------+--------+-----+--------+
         Total |   3213 |   3145 |     68 |    411 |   2328 |   4 |  803.2 |
       Dungeon |   3213 |   3145 |     68 |    411 |   2328 |   4 |  803.2 |
               +--------+--------+--------+--------+--------+-----+--------+

Top non-repeatable levels by time:
     D:1: 1538 daAuts
     D:2: 1389 daAuts
     D:3: 282 daAuts
     D:4: 2 daAuts
